 Dungeon Crawl Stone Soup version 0.30-a0-528-g8c47a4955b (webtiles) character file.

Game seed: 17574500635559643729

197620 lfoside the Severer (level 18, -7/119 HPs)
             Began as a Gargoyle Fighter on Dec 23, 2022.
             Was the Champion of Okawaru.
             Mangled by an entropy weaver simulacrum (8 damage)
             ... on level 4 of the Spider Nest.
             The game lasted 00:54:41 (33319 turns).

lfoside the Severer (Gargoyle Fighter)             Turns: 33319, Time: 00:54:41

Health: -7/119     AC: 39    Str: 29    XL:     18   Next: 41%
Magic:  27/27      EV:  9    Int: 10    God:    Okawaru [******]
Gold:   2741       SH: 15    Dex: 17    Spells: 17/17 levels left

rFire   + + .      SeeInvis +    S - +9 broad axe "Ibbaus" {vorpal, rCorr Dex+5}
rCold   + . .      Faith    .    K - +0 kite shield {rPois}
rNeg    + . .      Spirit   .    G - +7 gold dragon scales {rare}
rPois   ∞          Reflect  .    g - +2 helmet "Goapsary" {Str+2 Dex+3 Slay+3}
rElec   +          Harm     .    J - +0 cloak
rCorr   +          Rampage  .    l - +0 pair of gloves
Will    ++...                    j - +1 pair of boots "Anwi" {Fly rF+ Will+ Stlth-} Stlth
                                 Z - amulet of Vitality {RegenMP++ Regen++}
HPRegen 1.99/turn                v - ring of see invisible
MPRegen 1.00/turn                O - +4 ring of protection

@: corroded, flying
A: sickness immunity, AC +13, big wings, negative energy resistance 1,
electricity resistance, torment resistance 1, petrification resistance
}: 1/15 runes: decaying
a: Renounce Religion, Heroism, Finesse, Duel


You were on level 4 of the Spider Nest.
You worshipped Okawaru.
Okawaru was exalted by your worship.
You visited 6 branches of the dungeon, and saw 31 of its levels.
You also visited: Sewer, Gauntlet and Volcano.

You collected 4712 gold pieces.
You spent 1971 gold pieces at shops.


Innate Abilities, Weirdness & Mutations

You are immune to sickness and miasma.
Your stone body is resilient. (AC +13)
You are immune to poison.
Your large and strong wings let you fly.
You resist negative energy. (rN+)
You are resistant to electric shocks. (rElec)
You are resistant to unholy torment.
You are immune to petrification.


   Skills:
 + Level 15.5 Fighting
 - Level 18.0 Axes
 + Level 11.1 Armour
 + Level 8.1 Dodging
 + Level 17.0 Shields
 - Level 12.0 Invocations


You had 17 spell levels left.
You didn't know any spells.
Your spell library contained the following spells:

 Spells                   Type           Power      Damage    Failure   Level
 Apportation              Tloc           0%         N/A       100%        1
 Sting                    Tmut/Pois      0%         1d3       100%        1
 Poisonous Vapours        Pois/Air       0%         N/A       100%        2
 Static Discharge         Conj/Air       0%         2-2/arc   100%        2
 Inner Flame              Hex/Fire       0%         N/A       100%        3
 Mephitic Cloud           Conj/Pois/Air  0%         N/A       100%        3
 Ozocubu's Armour         Ice            0%         N/A       100%        3
 Portal Projectile        Hex/Tloc       0%         N/A       100%        3
 Stone Arrow              Conj/Erth      0%         3d7       100%        3
 Vhi's Electric Charge    Tloc/Air       0%         N/A       100%        3
 Cause Fear               Hex            0%         N/A       100%        4
 Flame Wave               Conj/Fire      0%         2d4       100%        4
 Leda's Liquefaction      Hex/Erth       0%         N/A       100%        4
 Olgreb's Toxic Radiance  Pois           0%         N/A       100%        4
 Petrify                  Tmut/Erth      0%         N/A       100%        4
 Sticky Flame             Conj/Fire      0%         2d3       100%        4
 Alistair's Intoxication  Tmut/Pois      0%         N/A       100%        5
 Arcjolt                  Conj/Air       0%         1d10      100%        5
 Blade Hands              Tmut           0%         N/A       100%        5
 Freezing Cloud           Conj/Ice/Air   0%         6-21      100%        5
 Irradiate                Conj/Tmut      0%         3d11      100%        5
 Iskenderun's Battlesphe  Conj           0%         2d6       100%        5
 Lightning Bolt           Conj/Air       0%         1d11      100%        5
 Ozocubu's Refrigeration  Ice            0%         4d7       100%        7
 Discord                  Hex            0%         N/A       100%        8
 Lehudib's Crystal Spear  Conj/Erth      0%         10d2      100%        8
 Maxwell's Capacitive Co  Air            0%         ∞         100%        8
 Polar Vortex             Ice            0%         N/A       100%        9
 Summon Small Mammal      Summ           Unusable   N/A       N/A         1
 Sublimation of Blood     Necr           Unusable   N/A       N/A         2
 Call Canine Familiar     Summ           Unusable   N/A       N/A         3
 Summon Guardian Golem    Hex/Summ       Unusable   N/A       N/A         3
 Tukima's Dance           Hex            Unusable   N/A       N/A         3
 Animate Armour           Summ/Erth      Unusable   N/A       N/A         4
 Simulacrum               Ice/Necr       Unusable   N/A       N/A         6

Inventory:

Hand Weapons
 A - a +3 broad axe of flaming
   (Okawaru gifted it to you in a volcano)
 S - the +9 broad axe "Ibbaus" (weapon) {vorpal, rCorr Dex+5}
   (Okawaru gifted it to you on level 1 of the Lair of Beasts)

   It inflicts extra damage upon your enemies.
   Dex:       It affects your dexterity (+5).
   rCorr:     It protects you from acid and corrosion.
 U - a +1 broad axe of electrocution
   (Okawaru gifted it to you on level 1 of the Orcish Mines)
Missiles
 q - 5 javelins (quivered)
 D - 11 curare-tipped darts {=f}
 E - 11 silver javelins
 Q - 2 datura-tipped darts
Armour
 g - the +2 helmet "Goapsary" (worn) {Str+2 Dex+3 Slay+3}
   (You bought it in a shop on level 2 of the Orcish Mines)

   Str:       It affects your strength (+2).
   Dex:       It affects your dexterity (+3).
   Slay:      It affects your accuracy & damage with ranged weapons and melee
   (+3).
 j - the +1 pair of boots "Anwi" (worn) {Fly rF+ Will+ Stlth-}
   (Okawaru gifted it to you on level 15 of the Dungeon)

   rF:        It protects you from fire.
   Fly:       It grants you flight.
   Will:      It increases your willpower.
   Stlth:     It makes you less stealthy.
 l - a +0 pair of gloves (worn)
   (You found it on level 2 of the Spider Nest)
 u - the +2 robe of Ynimux {Harm *Corrode Int+6 SInv}
   (Okawaru gifted it to you on level 4 of the Swamp)

   Int:       It affects your intelligence (+6).
   SInv:      It lets you see invisible.
   *Corrode:  It may corrode you when you take damage.
   Harm:      It increases damage dealt and taken.
 G - +7 gold dragon scales (worn) {rare}
   (You bought it in a shop on level 6 of the Dungeon)
 J - a +0 cloak (worn)
   (You took it off Crazy Yiuf on level 7 of the Dungeon)
 K - a +0 kite shield of poison resistance (worn)
   (Okawaru gifted it to you on level 9 of the Dungeon)
 Y - the +2 pair of boots of Okawaru's Indignation {SInv}
   (Okawaru gifted it to you on level 13 of the Dungeon)

   SInv:      It lets you see invisible.
Magical Staves
 P - a staff of cold {!a}
   (You found it on level 3 of the Swamp)
Jewellery
 v - a ring of see invisible (left hand)
   (You found it on level 5 of the Dungeon)
 F - a ring of protection from fire
   (You found it on level 12 of the Dungeon)
 O - a +4 ring of protection (right hand)
   (You found it on level 11 of the Dungeon)
 T - the ring of Leaves {Wiz Drain rPois Str+2 Dex+4}
   (You found it in a Gauntlet)

   [ring of wizardry]

   It improves your spell success rate.
   Str:       It affects your strength (+2).
   Dex:       It affects your dexterity (+4).
   rPois:     It protects you from poison.
   Drain:     It drains your maximum health when unequipped.
 Z - the amulet of Vitality (around neck) {RegenMP++ Regen++}
   (You found it on level 14 of the Dungeon)

   [amulet of magic regeneration]

   It increases your rate of magic regeneration.
   Regen:     It increases your rate of health regeneration.
Wands
 i - a wand of quicksilver (20)
   (You found it on level 1 of the Lair of Beasts)
 y - a wand of iceblast (5)
   (You found it on level 4 of the Swamp)
 R - a wand of digging (1)
   (You took it off Maurice on level 1 of the Orcish Mines)
Scrolls
 a - 3 scrolls of silence {!r}
 c - a scroll of blinking {!r}
 e - 4 scrolls of torment {!r}
 h - 5 scrolls of magic mapping {!r}
 k - 2 scrolls of fear
 n - 4 scrolls of vulnerability {!r!r}
 s - 6 scrolls of enchant weapon
 t - 13 scrolls of teleportation {@r4}
 x - 7 scrolls of poison
 H - 5 scrolls of fog
 X - a scroll of silence {!r!r}
Potions
 b - 7 potions of cancellation
 d - 3 potions of might
 f - 9 potions of haste {@q3}
 m - 7 potions of attraction {!q}
 o - 17 potions of curing {@q1}
 p - 3 potions of invisibility
 r - 6 potions of heal wounds {@q2}
 w - 12 potions of flight
 z - a potion of magic
 B - 3 potions of resistance
 C - 3 potions of brilliance
 I - 2 potions of berserk rage {!q}
 L - a potion of ambrosia
 M - 5 potions of mutation {!q}
 V - 3 potions of lignification {unknown}
Miscellaneous
 N - a condenser vane
   (You found it in a Gauntlet)
 W - a phial of floods
   (You found it on level 2 of the Spider Nest)

Dungeon Overview and Level Annotations

Branches:
Dungeon (15/15)            Temple (1/1) D:4            Lair (5/5) D:11
  Swamp (4/4) Lair:3       Spider (4/4) Lair:2        Slime (0/5) Lair:4
    Orc (2/2) D:11            Elf (0/3) Orc:2        Vaults (0/5) D:13
 Depths (0/4) D:15          Sewer (visited)         Volcano (visited)
Gauntlet (visited)

Altars:
Ashenzari
Cheibriados
Dithmenos
Elyvilon
Fedhas
Gozag
Hepliaklqana
Kikubaaqudgha
Makhleb
Nemelex Xobeh
Okawaru
Qazlal
Ru
Sif Muna
Trog
Uskayaw
Vehumet
Wu Jian
Xom
Yredelemnul
Zin
The Shining One
Jiyva

Shops:
D:3 *   D:6 [:   D:7 :   D:8 !   D:11 (([=   D:14 !((:   Orc:2 [(([

Annotations:
D:5 2 runed translucent doors, cmoyniez's ghost, novice KoRe
Lair:5 3 runed translucent doors, DEFE's ghost, journeyman DsWn
Swamp:4 3 runed translucent doors, emiel's ghost, adept NaFi

#.......................
#.......................
##..^..........).........
##.......................[
#................ .....#
#.####?..........
##....†..........
#.................
##........@^......
#.....s..°Z......
##....°...○.s...)
#........s......
#.°.#...........
#................
......s.°○.......
.#.....ss°....


You could see 2 orb spiders, 3 jumping spiders, a redback (wandering) and an
entropy weaver simulacrum.


Message History

You slash the tarantella simulacrum!
You hit the entropy weaver but do no damage.
The entropy weaver casts a spell at you.
The entropic weave corrodes you!
The tarantella simulacrum hits you but does no damage.
You slash the tarantella simulacrum! You slice the entropy weaver!!
The orb spider pulsates with a strange energy.
The jumping spider leaps!
You block the entropy weaver's attack. x2
The entropy weaver barely misses you.
The entropy weaver hits you but does no damage.
Unknown command.
You hit the entropy weaver but do no damage.
You closely miss the jumping spider. You slash the culicivora simulacrum!
You block the jumping spider's attack. x2; The jumping spider leaps!
The orb spider spins a strand of pure energy.
You block the entropy weaver's attack. The entropy weaver hits you. x2
The entropy weaver hits you!
The culicivora simulacrum barely misses you.
You cut the entropy weaver into ribbons!!!
You hit the jumping spider but do no damage.
You hit the culicivora simulacrum but do no damage.
You hear a faint skittering sound. x2
The jumping spider pounces on you.
The jumping spider bites you but does no damage.
The jumping spider leaps!
The culicivora simulacrum completely misses you.
The entropy weaver hits you but does no damage.
The entropy weaver hits you!
* * * LOW HITPOINT WARNING * * *
The entropy weaver closely misses you. You block the entropy weaver's attack.
Unknown command.
You slash the entropy weaver!
You kill the entropy weaver!
Okawaru accepts your kill.
You closely miss the jumping spider.
You hit the culicivora simulacrum but do no damage.
A freezing mist starts to gather...
An entropy weaver simulacrum comes into view.
A jumping spider comes into view.
You block the jumping spider's attack. x2; The culicivora simulacrum bites you.
* * * LOW HITPOINT WARNING * * *
The culicivora simulacrum freezes you. You resist.
* * * LOW HITPOINT WARNING * * *
Unknown command.
Read: 3 scrolls of fear
Press: ? - help, Q - select action, (/) - cycle Dir - look around, f - activate Look: a jumping spider (chance to affect: 97%)
As you read the scroll of fear, it crumbles to dust.
You assume a fearsome visage.
The orb spider looks frightened!
The entropy weaver simulacrum is unaffected.
The culicivora simulacrum is unaffected.
The jumping spider looks frightened! x3
The orb spider resists with some effort.
The jumping spider leaps! x3
You block the culicivora simulacrum's attack.
The jumping spider leaps!
The entropy weaver simulacrum hits you but does no damage. x3
You block the entropy weaver simulacrum's attack.
Unknown command.
Unknown command.
Unknown command.
Unknown command.
Unknown command.
Unknown command.
Unknown command.
Unknown command.
Unknown command.
Unknown command.
Unknown command.
You slice the culicivora simulacrum!!
You slash the entropy weaver simulacrum!
The orb spider weaves a glowing orb of energy.
A jumping spider comes into view.
An orb of destruction comes into view.
You barely miss the entropy weaver simulacrum.
The jumping spider's many legs skitter faintly.
You block the entropy weaver simulacrum's attack.
The entropy weaver simulacrum barely misses you.
The entropy weaver simulacrum hits you but does no damage. x2
The jumping spider leaps!
Unknown command.
You slash the entropy weaver simulacrum!
The orb of destruction hits you!!
* * * LOW HITPOINT WARNING * * *
The jumping spider leaps!
The orb spider pulsates with a strange energy.
A redback comes into view.
The jumping spider leaps!
The entropy weaver simulacrum hits you but does no damage.
The entropy weaver simulacrum hits you.
* * * LOW HITPOINT WARNING * * *
The entropy weaver simulacrum freezes you!
You resist.
* * * LOW HITPOINT WARNING * * *
The entropy weaver simulacrum hits you.
* * * LOW HITPOINT WARNING * * *
The entropy weaver simulacrum freezes you!
You resist.
You die...

Skill      XL: |  1  2  3  4  5  6  7  8  9 10 11 12 13 14 15 16 17 18 |
---------------+-------------------------------------------------------+-----
Axes           | 2 3 4 5 6 8 9 11 12 13 14 16 17 18 | 18.0
Shields        | 4 5 6 7 8 9 10 12 13 14 15 16 17 | 17.0
Invocations    | 3 5 7 8 10 11 12 | 12.0
Fighting       | 4 6 8 9 10 12 13 15 | 15.5
Dodging        | 1 3 5 7 8 |  8.1
Armour         | 6 8 10 11 | 11.1

Action                   |  1- 3 |  4- 6 |  7- 9 | 10-12 | 13-15 | 16-18 || total
-------------------------+-------+-------+-------+-------+-------+-------++-------
Melee: War axe           |   123 |    36 |       |   379 |       |       ||   538
       Spear             |       |   163 |   221 |   547 |       |       ||   931
       Broad axe         |       |       |       |     7 |   997 |  1083 ||  2087
       Demon whip        |       |       |       |       |     7 |       ||     7
Invok: Heroism           |       |       |     1 |     2 |     4 |     2 ||     9
       Finesse           |       |       |       |       |     2 |       ||     2
Evoke: Wand              |       |       |       |     4 |    20 |     2 ||    26
  Use: Scroll            |       |       |    10 |     3 |    10 |    11 ||    34
       Potion            |       |       |       |     5 |     2 |     1 ||     8
 Stab: Confused          |       |       |       |       |       |     1 ||     1
Armor: Scale mail        |    68 |    39 |    32 |       |       |       ||   139
       Gold dragon scale |       |       |    13 |   460 |   741 |   901 ||  2115
       Skin              |       |       |       |     1 |       |       ||     1
Dodge: Dodged            |    62 |    26 |    30 |    58 |   105 |   256 ||   537
Block: Buckler           |    32 |    56 |    17 |    48 |       |       ||   153
       Kite shield       |       |       |       |   279 |   642 |   728 ||  1649

Levels and vault maps discovered:
D:1:      dpeg_arrival_orchard, layout_loops_corners
D:2:      layout_basic
D:3:      layout_loops_ring, mainiacjoe_overflow_24_doors, zin_purify,
          nicolae_ecumenical_lake_church
D:4:      layout_loops_ring, lemuel_crystal_altar,
          mainiacjoe_overflow_concentric_impassable,
          nicolae_ru_the_path_less_chosen, minmay_temple_entry_antechambers,
          gup_sewer_entry_pipe, uniq_ijyb
D:5:      layout_rooms, ebering_ghost_disaster_area
D:6:      layout_basic, general_overflow_altar, amcnicky_altar_gilded,
          serial_shops, nicolae_stop_n_shop_1, nicolae_stop_n_shop_2,
          minmay_hedge_maze, minmay_joined_circles
D:7:      layout_cave_pools, kennysheep_mini_moat, nzn_hepliaklqana_mist_gate,
          kennysheep_orc_sif_temple, doesnt_xom_only_xom, serial_shops,
          kennysheep_little_box, uniq_maggie, uniq_crazy_yiuf_cottage,
          uniq_pikel
D:8:      layout_basic, mainiacjoe_overflow_chevrons, tso_metal_star,
          serial_shops, nicolae_shop_window_shopping, uniq_grum, uniq_psyche,
          uniq_erica
D:9:      layout_cave_pods, uniq_prince_ribbit1
D:10:     layout_layer_cave, dreamdust_princess_corridor, corner_web_ring,
          kennysheep_generic_room_3
D:11:     layout_roguey, lair_entry_dummy, david_orc_4, serial_shops,
          nicolae_shop_crystal, nicolae_shop_bloodbath_and_beyond,
          nicolae_shop_behind_doors, shop
D:12:     lemuel_insect_pit, layout_rooms, fountainhead
D:13:     layout_roguey, erik_vaults_2
D:14:     layout_layer_cave, serial_shops, nicolae_shop_waterfront,
          nicolae_stop_n_shop_2, shop, kennysheep_mini,
          minmay_misc_feat_diagonals,
          hellmonk_guarded_unrand_vitality_bloodlust, uniq_snorg
D:15:     grunt_enter_depths_magical_seal, layout_loops_corners,
          gauntlet_entry_generic
Temple:   nicolae_temple_cloud_nine
Lair:1:   layout_roguey, chequers_serial_rivers_room_a, uniq_amaemon
Lair:2:   nzn_winding_woodlands_stair_cross [nzn_winding_woodlands_5x15_crooked,
          nzn_winding_woodlands_center_garden,
          nzn_winding_woodlands_5x15_split_checker,
          nzn_winding_woodlands_5x5_perimeter,
          nzn_winding_woodlands_5x5_open_star,
          nzn_winding_woodlands_5x15_parted,
          nzn_winding_woodlands_center_triple_pond,
          nzn_winding_woodlands_5x15_garden], layout_cave_pods,
          spider_nest_entry_rubble
Lair:3:   layout_chaotic_city, swamp_mist, portal_ice_cave_demonic_guard,
          st_stairs_3, grunt_megastairs_1
Lair:4:   layout_cave_shapes, slime_entry_1, nicolae_volcano_entry_hallway,
          pdpol_lair_neglected_garden, serial_bayou_crossing, uniq_nessos,
          uniq_josephine
Lair:5:   due_jungle_book, layout_gridlike, gammafunk_ghost_split,
          serial_bayou_lagoon_a, serial_bayou_shore_b, serial_bayou_shore_b
Swamp:1:  layout_falls_marsh, serial_swamp_ruin, hangedman_swamp_ruin_wall,
          evilmike_swamp_ruin_house_1, evilmike_swamp_ruin_rubble_1
Swamp:2:  layout_falls_marsh, evilmike_swamp_ruin_house_5, swamp_pool2,
          infiniplex_staircase_pool
Swamp:3:  layout_basic_swamp, nicolae_swamp_orc_logging_accident, swamp_pool5,
          nicolae_swamp_some_circles
Swamp:4:  swamp, layout_basic_swamp, gammafunk_ghost_hydra_chop, swamp_pool2,
          nicolae_swamp_feature_on_the_river_bank, uniq_mara, uniq_bai_suzhen
Spider:1: layout_spider_delve, nicolae_spider_rock_and_or_roll
Spider:2: layout_spider_delve
Spider:3: layout_spider_delve, uniq_arachne
Spider:4: grunt_spider_rune_parallel
Orc:1:    layout_caves, basic_altar, uniq_maurice
Orc:2:    grunt_orc_community_town_hall, layout_diamond_mine,
          grunt_orc_community_big_house_1, grunt_orc_community_big_house_1,
          grunt_orc_community_house_3, grunt_orc_community_house_2,
          grunt_orc_community_house_2, grunt_orc_community_house_3,
          grunt_orc_community_house_1, grunt_orc_community_house_1

Notes
Turn   | Place    | Note
-------+----------+-------------------------------------------
     0 | D:1      | lfoside the Gargoyle Fighter began the quest for the Orb.
     0 | D:1      | Reached XP level 1. HP: 14/14 MP: 1/1
    91 | D:1      | Reached skill level 2 in Axes
   185 | D:1      | Reached XP level 2. HP: 19/19 MP: 2/2
   471 | D:1      | Reached XP level 3. HP: 23/23 MP: 3/3
   904 | D:2      | Reached skill level 3 in Axes
  1173 | D:2      | Reached skill level 4 in Shields
  1214 | D:2      | Reached XP level 4. HP: 21/28 MP: 4/4
  1610 | D:3      | Found a faded altar of an unknown god.
  1629 | D:3      | Identified the +9 spear of the Demagogue {speed, *Rage
                  | rPois rF+ rN+++}
  1791 | D:3      | You pick up a book of Alchemy and begin reading...
  1791 | D:3      | You add the spells Petrify and Irradiate to your library.
  1797 | D:3      | You pick up a book of Callings and begin reading...
  1797 | D:3      | You add the spells Summon Small Mammal, Call Canine
                  | Familiar and Summon Guardian Golem to your library.
  1819 | D:3      | Found a shadowy altar of Dithmenos.
  1828 | D:3      | Identified the +5 short sword "Zaeteqa" {vorpal, rF++ Dex-2
                  | SInv}
  1936 | D:3      | Found a glowing silver altar of Zin.
  1936 | D:3      | Found Zin's Purification Station.
  2347 | D:4      | You pick up a book of Lightning and begin reading...
  2347 | D:4      | You add the spells Static Discharge, Vhi's Electric Charge,
                  | Lightning Bolt and Arcjolt to your library.
  2456 | D:4      | Found a bloodstained altar of Trog.
  2531 | D:4      | You pick up a book of Flames and begin reading...
  2531 | D:4      | You add the spells Inner Flame, Sticky Flame and Flame Wave
                  | to your library.
  2559 | D:4      | Noticed an ogre
  2566 | D:4      | Killed an ogre
  2567 | D:4      | Reached skill level 4 in Axes
  2567 | D:4      | Reached XP level 5. HP: 32/32 MP: 5/5
  2586 | D:4      | Found a glowing drain.
  2600 | Sewer    | Entered a sewer
  2695 | Sewer    | Reached XP level 6. HP: 28/37 MP: 6/6
  2886 | Sewer    | Reached skill level 5 in Shields
  2950 | Sewer    | Reached skill level 5 in Axes
  3129 | D:4      | Found a staircase to the Ecumenical Temple.
  3140 | Temple   | Entered the Ecumenical Temple
  3242 | D:4      | Found a sacrificial altar of Ru.
  3304 | D:4      | Found a burning altar of Makhleb.
  3306 | D:4      | Noticed Ijyb
  3324 | D:4      | Killed Ijyb
  3757 | D:5      | Entered Level 5 of the Dungeon
  3766 | D:5      | Reached XP level 7. HP: 41/41 MP: 7/7
  3806 | D:5      | Found a large runed translucent door.
  3806 | D:5      | Found a large runed translucent door.
  3806 | D:5      | Noticed cmoyniez's ghost (novice KoRe)
  3810 | D:5      | Reached skill level 6 in Axes
  3886 | D:5      | Reached skill level 6 in Shields
  4267 | D:6      | Found Zobiqan's Armour Shoppe.
  4310 | D:6      | Reached XP level 8. HP: 46/46 MP: 8/8
  4388 | D:6      | You pick up a book of Party Tricks and begin reading...
  4388 | D:6      | You add the spells Apportation and Alistair's Intoxication
                  | to your library.
  4411 | D:6      | You pick up a book of Armaments and begin reading...
  4411 | D:6      | You add the spells Stone Arrow, Animate Armour and
                  | Lehudib's Crystal Spear to your library.
  4414 | D:6      | Found Ekhluin's Book Boutique.
  4420 | D:6      | Reached skill level 7 in Axes
  4614 | D:6      | Found an iron altar of Okawaru.
  4765 | D:6      | Became a worshipper of Warmaster Okawaru
  4771 | D:6      | Identified a scroll of acquirement
  4772 | D:6      | Acquired 789 gold pieces
  4895 | D:6      | Reached skill level 7 in Shields
  4942 | D:6      | Found a hide-covered altar of Uskayaw.
  5011 | D:6      | Reached skill level 8 in Axes
  5018 | D:6      | Reached * piety under Okawaru
  5037 | D:6      | Reached XP level 9. HP: 38/51 MP: 6/9
  5048 | D:6      | Reached skill level 8 in Shields
  5103 | D:6      | You add the spells Mephitic Cloud and Iskenderun's
                  | Battlesphere to your library.
  5103 | D:6      | Got the Secrets of Blasting
  5204 | D:6      | Reached skill level 9 in Axes
  5224 | D:6      | Reached skill level 1 in Invocations
  5559 | D:6      | Bought +2 gold dragon scales for 1196 gold pieces
  5559 | D:6      | G - +2 gold dragon scales {rare}
  5569 | D:6      | You finish putting on your +2 gold dragon scales {rare}.
  5570 | D:6      | your +2 gold dragon scales {rare} glow green for a moment.
  5571 | D:6      | your +3 gold dragon scales {rare} glow green for a moment.
  5572 | D:6      | your +4 gold dragon scales {rare} glow green for a moment.
  5610 | D:7      | Noticed Pikel
  5623 | D:7      | Killed Pikel
  5623 | D:7      | Reached ** piety under Okawaru
  5624 | D:7      | Reached skill level 4 in Fighting
  5624 | D:7      | Reached skill level 2 in Invocations
  5762 | D:7      | Identified the +1 leather armour "Gaxtocito" {Int+10}
  5768 | D:7      | Noticed Maggie
  5778 | D:7      | Killed Maggie
  5779 | D:7      | Reached skill level 3 in Invocations
  5861 | D:7      | Reached XP level 10. HP: 58/58 MP: 12/12
  5861 | D:7      | Reached *** piety under Okawaru
  5918 | D:7      | Reached skill level 5 in Fighting
  5918 | D:7      | Reached skill level 10 in Axes
  5918 | D:7      | Reached skill level 9 in Shields
  6138 | D:7      | Found a shimmering blue altar of Sif Muna.
  6184 | D:7      | Found a hazy altar of Hepliaklqana.
  6281 | D:7      | Found Vyepecor's Book Emporium.
  6308 | D:7      | Found a runed translucent door.
  6309 | D:7      | Noticed Crazy Yiuf
  6431 | D:7      | Found a snail-covered altar of Cheibriados.
  6459 | D:7      | Found an iron altar of Okawaru.
  6462 | D:7      | Found an ornate altar of the Wu Jian Council.
  6462 | D:7      | Found a shimmering altar of Xom.
  6464 | D:7      | Found a shimmering altar of Xom.
  6464 | D:7      | Found an ancient bone altar of Kikubaaqudgha.
  6464 | D:7      | Found a sacrificial altar of Ru.
  6474 | D:7      | Reached skill level 4 in Invocations
  6592 | D:7      | Killed Crazy Yiuf
  6680 | D:8      | Reached **** piety under Okawaru
  6704 | D:8      | Found a glowing golden altar of the Shining One.
  6797 | D:8      | You add the spells Sting, Poisonous Vapours and Olgreb's
                  | Toxic Radiance to your library.
  6809 | D:8      | Found a blossoming altar of Fedhas.
  6873 | D:8      | Noticed Erica
  6892 | D:8      | Received a gift from Okawaru
  6899 | D:8      | Reached skill level 6 in Fighting
  6909 | D:8      | Killed Erica
  6910 | D:8      | Reached skill level 5 in Invocations
  7019 | D:8      | Noticed Grum
  7031 | D:8      | Killed Grum
  7035 | D:8      | Reached skill level 11 in Axes
  7097 | D:8      | Found Jycziv's Distillery.
  7187 | D:8      | Bought a potion of curing for 42 gold pieces
  7187 | D:8      | Bought a potion of cancellation for 112 gold pieces
  7433 | D:8      | Noticed Psyche
  7440 | D:8      | your +5 gold dragon scales {rare} melds into your body.
  7445 | D:8      | Killed Psyche
  7445 | D:8      | Reached ***** piety under Okawaru
  7445 | D:8      | Received a gift from Okawaru
  7446 | D:8      | Reached XP level 11. HP: 66/66 MP: 13/15
  7480 | D:8      | your +5 gold dragon scales {rare} unmelds from your body.
  7764 | D:9      | Reached skill level 10 in Shields
  7875 | D:9      | Noticed Prince Ribbit
  7900 | D:9      | Killed Prince Ribbit
  8041 | D:9      | Reached skill level 6 in Invocations
  8047 | D:9      | Reached skill level 7 in Fighting
  8056 | D:9      | Received a gift from Okawaru
  8751 | D:10     | Entered Level 10 of the Dungeon
  8937 | D:10     | HP: 1/67 [acid dragon/splash of acid (18)]
  9055 | D:10     | Noticed a two-headed ogre
  9062 | D:10     | Killed a two-headed ogre
  9528 | D:10     | Reached skill level 12 in Axes
 10359 | D:11     | Reached skill level 7 in Invocations
 10579 | D:11     | Found Irops's Antique Armour Shoppe.
 10594 | D:11     | Found Ihuos's Jewellery Shop.
 10654 | D:11     | Noticed a cyclops
 10667 | D:11     | Killed a cyclops
 10667 | D:11     | Received a gift from Okawaru
 10668 | D:11     | Reached skill level 8 in Fighting
 10740 | D:11     | Noticed a two-headed ogre
 10749 | D:11     | Killed a two-headed ogre
 10750 | D:11     | Reached XP level 12. HP: 73/73 MP: 17/17
 10798 | D:11     | Reached skill level 11 in Shields
 10827 | D:11     | HP: 13/73 [orc warrior/+0 hand axe (8)]
 10989 | D:11     | Found a staircase to the Lair.
 11240 | D:11     | Found a staircase to the Orcish Mines.
 11384 | D:11     | Received a gift from Okawaru
 11663 | D:11     | Found Vupleh's Weapon Shoppe.
 11710 | D:11     | Found Joshraehy's Antique Weapon Shop.
 11790 | D:12     | HP: 18/75 [gargoyle/stone arrow (13)]
 11792 | D:12     | HP: 3/75 [gargoyle/stone arrow (14)]
 12191 | D:12     | Reached skill level 8 in Invocations
 12336 | D:12     | Reached skill level 13 in Axes
 12521 | D:12     | Reached ****** piety under Okawaru
 12599 | D:12     | Reached skill level 9 in Fighting
 12766 | D:12     | Found a runed translucent door.
 12903 | D:12     | Found a runed translucent door.
 13729 | Lair:1   | Entered Level 1 of the Lair of Beasts
 13741 | Lair:1   | Identified the +9 broad axe "Ibbaus" {vorpal, rCorr Dex+5}
                  | (Okawaru gifted it to you on level 1 of the Lair of Beasts)
 13741 | Lair:1   | Received a gift from Okawaru
 13912 | Lair:1   | Reached skill level 12 in Shields
 13912 | Lair:1   | Reached XP level 13. HP: 76/80 MP: 19/19
 14068 | Lair:1   | Reached skill level 9 in Invocations
 14390 | Lair:1   | Noticed Amaemon
 14398 | Lair:1   | Killed Amaemon
 14475 | Lair:1   | Reached skill level 14 in Axes
 14835 | Lair:2   | You fall into a shaft and drop 1 floor!
 14924 | Lair:3   | Received a gift from Okawaru
 14924 | Lair:3   | Found the +2 cloak of the Thief {*Fog Slay-2 SInv Stlth+}
 15060 | Lair:3   | Reached skill level 10 in Fighting
 15789 | Lair:3   | Found a staircase to the Swamp.
 16326 | Lair:4   | Reached skill level 10 in Invocations
 16431 | Lair:4   | Found a dark tunnel.
 16443 | Volcano  | Entered a volcano
 16507 | Volcano  | Received a gift from Okawaru
 16772 | Volcano  | Reached skill level 13 in Shields
 17050 | Lair:4   | Found a viscous altar of Jiyva.
 17051 | Lair:4   | Found a staircase to the Slime Pits.
 17115 | Lair:4   | Gained mutation: Your large and strong wings let you fly.
                  | [Gargoyle growth]
 17115 | Lair:4   | Reached XP level 14. HP: 88/88 MP: 21/21
 17153 | Lair:4   | Noticed Josephine
 17159 | Lair:4   | Killed Josephine
 17168 | Lair:4   | Reached skill level 15 in Axes
 17200 | Lair:4   | Identified the +6 hand axe of the Six Bounties {distort,
                  | Str-2 Dex+7} (Okawaru gifted it to you on level 4 of the
                  | Lair of Beasts)
 17200 | Lair:4   | Received a gift from Okawaru
 17201 | Lair:4   | Reached skill level 11 in Fighting
 17273 | Lair:4   | Noticed Nessos
 17285 | Lair:4   | HP: 18/90 [Nessos/arrow (13)]
 17289 | Lair:4   | Killed Nessos
 17793 | Lair:5   | Entered Level 5 of the Lair of Beasts
 17836 | Lair:5   | Found a runed translucent gate.
 17836 | Lair:5   | Found a runed translucent gate.
 17836 | Lair:5   | Found a runed translucent gate.
 17836 | Lair:5   | Noticed DEFE's ghost (journeyman DsWn)
 18365 | Lair:5   | Received a gift from Okawaru
 18516 | Lair:5   | Noticed a dire elephant
 18630 | Lair:5   | Reached skill level 11 in Invocations
 18712 | Lair:5   | Identified the +1 chain mail of Peusk {*Slow rPois Str+2
                  | Dex+4} (Okawaru gifted it to you on level 5 of the Lair of
                  | Beasts)
 18712 | Lair:5   | Received a gift from Okawaru
 18719 | Lair:5   | HP: 20/91 [elephant (13)]
 18930 | Lair:5   | Identified the +10 whip "Ydatyuky" {vorpal, rPois Int+10}
 19137 | Lair:5   | Killed a dire elephant
 19251 | Lair:5   | your +5 gold dragon scales {rare} glow green for a moment.
 20099 | Lair:2   | Reached skill level 12 in Fighting
 20178 | Lair:2   | Reached skill level 16 in Axes
 20290 | Lair:2   | Reached skill level 1 in Dodging
 20458 | Lair:2   | Reached XP level 15. HP: 94/96 MP: 23/23
 20471 | Lair:2   | Found a hole to the Spider Nest.
 20644 | Lair:2   | Reached skill level 14 in Shields
 20646 | Lair:2   | Reached skill level 4 in Armour
 20691 | Lair:2   | Identified the +2 short sword "Utycasing" {venom, *Rage rC+
                  | Dex+3}
 21383 | Orc:1    | Entered Level 1 of the Orcish Mines
 21383 | Orc:1    | Noticed Maurice
 21389 | Orc:1    | Received a gift from Okawaru
 21396 | Orc:1    | Killed Maurice
 21975 | Orc:2    | Entered Level 2 of the Orcish Mines
 22199 | Orc:2    | Reached skill level 2 in Dodging
 22593 | Orc:2    | Found Baibra's Antique Armour Shoppe.
 22781 | Orc:2    | Found a staircase to the Elven Halls.
 23032 | Orc:2    | Found Qisux's Antique Weapon Emporium.
 23249 | Orc:2    | Noticed Saint Roka
 23251 | Orc:2    | HP: 11/97 [orc warrior/+0 glaive[Saint Roka] (16)]
 23549 | Orc:2    | Killed Saint Roka
 23549 | Orc:2    | Received a gift from Okawaru
 23763 | Orc:2    | Found Dyakidox's Antique Armour Shop.
 23765 | Orc:2    | Found Rudizxiw's Antique Weapon Boutique.
 23772 | Orc:2    | Bought a fine helmet for 247 gold pieces
 23772 | Orc:2    | Identified the +2 helmet "Goapsary" {Str+2 Dex+3 Slay+3}
                  | (You bought it in a shop on level 2 of the Orcish Mines)
 24020 | D:13     | You pick up a book of the Hunter and begin reading...
 24020 | D:13     | You add the spells Portal Projectile and Leda's
                  | Liquefaction to your library.
 24116 | D:13     | Found a gate to the Vaults.
 24126 | D:13     | Reached skill level 5 in Armour
 24177 | D:12     | HP: 15/97 [vault guard/+0 great mace (13)]
 24538 | D:13     | Identified the +2 pair of boots of Okawaru's Indignation
                  | {SInv} (Okawaru gifted it to you on level 13 of the
                  | Dungeon)
 24538 | D:13     | Received a gift from Okawaru
 24539 | D:13     | Reached skill level 12 in Invocations
 24955 | D:14     | Noticed Snorg
 24968 | D:14     | Killed Snorg
 24969 | D:14     | Reached skill level 3 in Dodging
 25420 | D:14     | Found Liklyot's Distillery.
 25439 | D:14     | Bought a potion of heal wounds for 85 gold pieces
 25439 | D:14     | Bought a potion of haste for 170 gold pieces
 25439 | D:14     | Bought a potion of might for 68 gold pieces
 25439 | D:14     | Bought a potion of curing for 51 gold pieces
 25495 | D:14     | Found Afuupheg's Weapon Shop.
 25942 | D:14     | Found Ruywuram's Antique Weapon Emporium.
 26146 | D:14     | Found Toett's Book Emporium.
 26213 | D:14     | Reached skill level 6 in Armour
 26269 | D:14     | Found the amulet of Vitality {RegenMP++ Regen++}
 26348 | D:15     | Entered Level 15 of the Dungeon
 26393 | D:15     | Found a gate leading to a gauntlet.
 26403 | Gauntlet | Entered a Gauntlet
 26403 | Gauntlet | Found a transporter.
 26403 | Gauntlet | Found a transporter.
 26403 | Gauntlet | Found a transporter.
 26428 | Gauntlet | Found a transporter.
 26438 | Gauntlet | Found a transporter.
 26440 | Gauntlet | Found a transporter.
 26450 | Gauntlet | Found a transporter.
 26470 | Gauntlet | Found a transporter.
 26487 | Gauntlet | Found a transporter.
 26488 | Gauntlet | Found a transporter.
 26496 | Gauntlet | Found a transporter.
 26499 | Gauntlet | Found a transporter.
 26585 | Gauntlet | Identified the ring of Leaves {Wiz Drain rPois Str+2 Dex+4}
 26610 | Gauntlet | Reached XP level 16. HP: 102/103 MP: 25/25
 26614 | Gauntlet | Identified the +0 hat "Gotu" {Rampage MP-9 Int+3}
 26644 | Gauntlet | You pick up a book of Hexes and begin reading...
 26644 | Gauntlet | You add the spells Cause Fear and Discord to your library.
 26733 | D:15     | Reached skill level 17 in Axes
 26741 | D:15     | Reached skill level 13 in Fighting
 26741 | D:15     | Reached skill level 4 in Dodging
 26958 | D:15     | Found a staircase to the Depths.
 27338 | D:15     | Identified the +1 pair of boots "Anwi" {Fly rF+ Will+
                  | Stlth-} (Okawaru gifted it to you on level 15 of the
                  | Dungeon)
 27338 | D:15     | Received a gift from Okawaru
 27847 | Spider:1 | Entered Level 1 of the Spider Nest
 27860 | Spider:1 | Reached skill level 15 in Shields
 27894 | Spider:1 | Reached skill level 7 in Armour
 28141 | Spider:1 | Reached skill level 5 in Dodging
 28558 | Spider:1 | your +6 gold dragon scales {rare} glow green for a moment.
 28643 | Spider:1 | HP: 26/104 [wolf spider (15)]
 28699 | Spider:1 | Identified the +2 hand axe of Indomitability {spect, Dex+7}
                  | (Okawaru gifted it to you on level 1 of the Spider Nest)
 28699 | Spider:1 | Received a gift from Okawaru
 28895 | Spider:2 | You pick up a book of Weapons and begin reading...
 28921 | Spider:2 | Reached skill level 8 in Armour
 29005 | Spider:2 | Reached XP level 17. HP: 102/110 MP: 26/26
 29064 | Spider:2 | You are sucked into a shaft and drop 1 floor!
 29099 | Spider:3 | Noticed Arachne
 29117 | Spider:3 | Killed Arachne
 29118 | Spider:3 | Reached skill level 18 in Axes
 29205 | Spider:2 | Identified the +5 flail of Jeklip {vorpal, +Blink Will+
                  | Str+3 Dex-5}
 29589 | Spider:3 | Reached skill level 14 in Fighting
 29613 | Spider:3 | You pick up a book of Ice and begin reading...
 29613 | Spider:3 | You add the spells Freezing Cloud and Polar Vortex to your
                  | library.
 29808 | Spider:3 | Reached skill level 6 in Dodging
 30114 | Swamp:1  | Entered Level 1 of the Swamp
 30125 | Swamp:1  | Received a gift from Okawaru
 30344 | Swamp:1  | Reached skill level 9 in Armour
 30779 | Swamp:2  | Reached skill level 16 in Shields
 31436 | Swamp:3  | Received a gift from Okawaru
 31979 | Swamp:4  | Entered Level 4 of the Swamp
 31979 | Swamp:4  | Noticed Bai Suzhen
 32026 | Swamp:3  | Killed Bai Suzhen
 32039 | Swamp:4  | Reached skill level 7 in Dodging
 32075 | Swamp:4  | Noticed Mara
 32078 | Swamp:4  | Noticed lfoside's illusion
 32202 | Swamp:4  | Killed Mara
 32241 | Swamp:4  | Reached skill level 10 in Armour
 32600 | Swamp:4  | Reached skill level 15 in Fighting
 32616 | Swamp:4  | Reached XP level 18. HP: 66/119 MP: 27/27
 32677 | Swamp:4  | Found a runed translucent gate.
 32678 | Swamp:4  | Found a runed translucent gate.
 32681 | Swamp:4  | Found a runed translucent gate.
 32681 | Swamp:4  | Noticed emiel's ghost (adept NaFi)
 32708 | Swamp:4  | Identified the +2 robe of Ynimux {Harm *Corrode Int+6 SInv}
                  | (Okawaru gifted it to you on level 4 of the Swamp)
 32708 | Swamp:4  | Received a gift from Okawaru
 32767 | Swamp:4  | You add the spells Ozocubu's Armour and Ozocubu's
                  | Refrigeration to your library.
 32769 | Swamp:4  | Got a decaying rune of Zot
 33193 | Spider:4 | Entered Level 4 of the Spider Nest
 33244 | Spider:4 | Reached skill level 8 in Dodging
 33290 | Spider:4 | Reached skill level 11 in Armour
 33301 | Spider:4 | Reached skill level 17 in Shields
 33319 | Spider:4 | HP: 19/119 [disintegration (33)]
 33319 | Spider:4 | HP: 5/119 [entropy weaver simulacrum (9)]
 33319 | Spider:4 | HP: 1/119 [entropy weaver simulacrum (4)]
 33319 | Spider:4 | Mangled by an entropy weaver simulacrum

Vanquished Creatures
  Mara (Swamp:4)
  Bai Suzhen (Swamp:3)
  Saint Roka (Orc:2)
  Arachne (Spider:3)
  2 thorn hunters
  An emperor scorpion (Spider:1)
  3 ghost moths
  A broodmother (Spider:1)
  Nessos (Lair:4)
  An eleionoma (Swamp:2)
  5 bunyips
  A dire elephant (Lair:5)
  A spark wasp (Spider:4)
  A minotaur (Gauntlet)
  Snorg (D:14)
  6 entropy weavers
  Josephine (Lair:4)
  23 hydras
  2 radroaches
  A shambling mangrove (Swamp:4)
  6 vault guards
  A catoblepas (Lair:3)
  3 ghost crabs
  3 alligators
  2 two-headed ogres
  4 centaur warriors
  4 boulder beetles (Spider:1)
  A tengu warrior (D:15)
  A deep troll shaman (D:14)
  2 death yaks (Lair:5)
  A spectral dire elephant (Lair:5)
  A spriggan berserker (Swamp:4)
  4 spriggans
  A sun moth (Spider:1)
  Amaemon (Lair:1)
  A fire crab (shapeshifter) (D:14)
  6 skeletal warriors
  7 pharaoh ants
  4 goliath frogs
  3 deep trolls (D:14)
  A spectral anaconda (Lair:5)
  2 bog bodies
  5 steelbarb worms
  3 spriggan druids
  3 orc knights
  12 swamp dragons
  Pikel (D:7)
  A wizard (D:15)
  6 orb spiders
  2 anaconda skeletons (Volcano)
  An obsidian statue (Lair:5)
  5 necromancers
  4 deep elf pyromancers
  2 orc sorcerers
  5 cyclopes
  3 will-o-the-wisps
  14 wolf spiders
  13 ugly things
  18 elephants
  3 manticores
  2 moths of wrath
  3 black mambas
  6 gargoyles
  Maurice (Orc:1)
  An orange demon (Lair:1)
  A naga mage (D:15)
  10 cane toads
  2 centaur skeletons (D:15)
  Psyche (D:8)
  3 torpor snails
  Maggie (D:7)
  A kobold demonologist (D:13)
  7 rime drakes
  14 komodo dragons
  An efreet (D:14)
  2 minotaur zombies (Gauntlet)
  3 demonic crawlers
  2 tengu conjurers
  2 ice devils (Lair:3)
  4 trolls
  10 hornets
  3 polar bears
  2 raiju (Gauntlet)
  14 blink frogs
  Prince Ribbit (D:9)
  2 harpy skeletons
  16 tarantellas
  9 tyrant leeches
  18 slime creatures
  14 jumping spiders
  A shadow (D:10)
  3 flying skulls (Volcano)
  17 culicivoras
  An alligator skeleton (Volcano)
  7 wraiths
  4 basilisks
  6 wyverns
  52 yaks
  Grum (D:8)
  21 vampire mosquitoes
  40 redbacks
  2 steam dragons
  2 death yak simulacra (Lair:5)
  5 wargs
  A spectral cane toad (Lair:5)
  8 water moccasins
  2 acid dragons
  12 swamp worms
  11 swamp drakes
  55 orc warriors
  An ice beast (D:6)
  2 sky beasts
  2 black bears
  7 ogres
  8 wolves
  9 centaurs
  2 elephant skeletons (Lair:5)
  4 kobold brigands
  2 gnoll sergeants
  10 bullfrogs
  2 necrophages
  9 scorpions
  A cane toad simulacrum (Lair:5)
  12 wights
  9 killer bees
  3 troll skeletons (Volcano)
  7 electric eels
  2 spriggan skeletons (Volcano)
  5 howler monkeys
  Crazy Yiuf (D:7)
  A gnoll bouda (D:7)
  2 hounds (D:7)
  3 iguanas
  4 jellies
  Ijyb (D:4)
  27 orc priests
  A boggart zombie (D:15)
  A merfolk siren (Sewer)
  32 orc wizards
  6 hell rats
  A lightning spire (Gauntlet)
  A merfolk avatar (Sewer)
  2 naga skeletons (Volcano)
  16 gnolls
  A river rat (Sewer)
  9 adders
  2 shadow imps
  4 white imps
  3 worms (D:2)
  2 dart slugs
  100 orcs
  10 ball pythons
  3 endoplasms
  16 giant cockroaches
  10 goblins
  10 hobgoblins
  23 kobolds
  10 quokkas
  4 bats
  10 frilled lizards
  26 rats
  7 briar patches
  2 butterflies (D:12)
1070 creatures vanquished.

Vanquished Creatures (others)
  A bunyip (Swamp:4)
  A hydra (Swamp:1)
  Erica (D:8)
  A hornet (Swamp:4)
  A bloated husk (Swamp:1)
  12 foxfires
  29 fungi
  51 plants
  42 withered plants
139 creatures vanquished.

Grand Total: 1209 creatures vanquished

Table legend:
 A = Non-vault XP
 B = Vault XP
 C = Vault XP percentage of total XP
 D = Non-vault monster count
 E = Vault monster count
 F = Vault count percentage of total count
                 A         B        C        D         E       F
            +---------+---------+-------+---------+---------+-------
      Total |  184433 |   89619 |  32.7 |     748 |     317 |  29.8
            +---------+---------+-------+---------+---------+-------
        D:1 |      44 |       0 |   0.0 |      27 |       0 |   0.0
        D:2 |      52 |       0 |   0.0 |      18 |       0 |   0.0
        D:3 |      30 |       0 |   0.0 |      11 |       0 |   0.0
        D:4 |     239 |      55 |  18.7 |      18 |       9 |  33.3
        D:5 |     540 |       0 |   0.0 |       9 |       0 |   0.0
        D:6 |    1338 |     716 |  34.9 |      30 |      11 |  26.8
        D:7 |    1285 |    1275 |  49.8 |      25 |       6 |  19.4
        D:8 |    1979 |    1569 |  44.2 |      20 |       6 |  23.1
        D:9 |    2926 |     277 |   8.6 |      39 |       1 |   2.5
       D:10 |    3890 |       0 |   0.0 |      22 |       0 |   0.0
       D:11 |    4714 |     709 |  13.1 |      29 |      15 |  34.1
       D:12 |    7900 |    1372 |  14.8 |      32 |      12 |  27.3
       D:13 |    1469 |    4338 |  74.7 |       4 |       5 |  55.6
       D:14 |   12962 |    3873 |  23.0 |      27 |       5 |  15.6
       D:15 |   10027 |    3952 |  28.3 |      20 |       9 |  31.0
     Lair:1 |    5058 |    1191 |  19.1 |      23 |       2 |   8.0
     Lair:2 |    4665 |    5182 |  52.6 |      15 |      19 |  55.9
     Lair:3 |    8552 |    1220 |  12.5 |      27 |       4 |  12.9
     Lair:4 |    4055 |    2525 |  38.4 |      13 |       5 |  27.8
     Lair:5 |    9869 |   11460 |  53.7 |      34 |      23 |  40.4
    Swamp:1 |   10522 |       0 |   0.0 |      25 |       0 |   0.0
    Swamp:2 |    6475 |       0 |   0.0 |      17 |       0 |   0.0
    Swamp:3 |    9518 |    4384 |  31.5 |      15 |       5 |  25.0
    Swamp:4 |   12511 |   22863 |  64.6 |      24 |      29 |  54.7
   Spider:1 |   21917 |    2497 |  10.2 |      52 |       3 |   5.5
   Spider:2 |   16586 |       0 |   0.0 |      43 |       0 |   0.0
   Spider:3 |    6913 |    2094 |  23.2 |      24 |       1 |   4.0
   Spider:4 |   12808 |     283 |   2.2 |      25 |       1 |   3.8
      Orc:1 |    2644 |     449 |  14.5 |      35 |       1 |   2.8
      Orc:2 |    2945 |    8134 |  73.4 |      45 |      78 |  63.4
      Sewer |       0 |     132 | 100.0 |       0 |      38 | 100.0
    Volcano |       0 |    5919 | 100.0 |       0 |      20 | 100.0
   Gauntlet |       0 |    3150 | 100.0 |       0 |       9 | 100.0
            +---------+---------+-------+---------+---------+-------

Illustrated notes

Table legend:
 A = Kills in this place as a percentage of kills in entire the game.
 B = Kills by you in this place as a percentage of kills by you in the entire game.
 C = Kills by friends in this place as a percentage of kills by friends in the entire game.
 D = Other kills in this place as a percentage of other kills in the entire game.
 E = Experience gained in this place as a percentage of experience gained in the entire game.
 F = Experience gained in this place divided by the number of levels of this place that you have seen.
                   A       B       C       D       E      F
               +-------+-------+-------+-------+-------+----------------------
         Total | 100.0 | 100.0 |   N/A | 100.0 | 100.0 | 8060.4
       Dungeon |  38.5 |  38.5 |   N/A |  25.0 |  24.6 | 4502.1
          Lair |  15.5 |  15.6 |   N/A |   0.0 |  19.6 | 10755.4
         Swamp |  10.8 |  10.6 |   N/A |  75.0 |  24.2 | 16568.2
   Spider Nest |  14.0 |  14.0 |   N/A |   0.0 |  23.0 | 15774.5
  Orcish Mines |  14.9 |  15.0 |   N/A |   0.0 |   5.2 | 7086.0
         Sewer |   3.6 |   3.6 |   N/A |   0.0 |   0.0 | 132.0
       Volcano |   1.9 |   1.9 |   N/A |   0.0 |   2.2 | 5919.0
      Gauntlet |   0.8 |   0.8 |   N/A |   0.0 |   1.1 | 3150.0
               +-------+-------+-------+-------+-------+----------------------

Table legend: (Time is in decaauts)
 A = Elapsed time spent in this place.
 B = Non-inter-level travel time spent in this place.
 C = Inter-level travel time spent in this place.
 D = Time resting spent in this place.
 E = Time spent auto-exploring this place.
 F = Levels seen in this place.
 G = Mean time per level.
                   A        B        C        D        E       F      G
               +--------+--------+--------+--------+--------+-----+--------+
         Total |  33304 |  31162 |   2142 |   5025 |  20442 |  34 |  979.5 |
       Dungeon |  16960 |  15872 |   1088 |   2848 |  10541 |  15 | 1130.7 |
        Temple |     41 |     36 |      5 |      0 |     36 |   1 |   41.0 |
          Lair |   7226 |   6700 |    526 |   1120 |   4628 |   5 | 1445.2 |
         Swamp |   2861 |   2642 |    219 |     91 |   1849 |   4 |  715.2 |
   Spider Nest |   2278 |   2060 |    218 |    163 |   1219 |   4 |  569.5 |
  Orcish Mines |   2507 |   2422 |     85 |    636 |   1338 |   2 | 1253.5 |
         Sewer |    577 |    577 |      0 |    166 |    226 |   1 |  577.0 |
       Volcano |    554 |    554 |      0 |      0 |    427 |   1 |  554.0 |
      Gauntlet |    295 |    295 |      0 |      0 |    177 |   1 |  295.0 |
               +--------+--------+--------+--------+--------+-----+--------+

Top non-repeatable levels by time:
  Lair:5: 1978 daAuts
    D:12: 1922 daAuts
    D:11: 1798 daAuts
   Orc:2: 1722 daAuts
    D:10: 1615 daAuts
  Lair:3: 1589 daAuts
  Lair:2: 1571 daAuts
    D:14: 1418 daAuts
     D:6: 1340 daAuts
     D:9: 1148 daAuts
  Lair:1: 1139 daAuts
     D:7: 1082 daAuts
    D:15: 1011 daAuts
     D:8: 979 daAuts
  Lair:4: 947 daAuts
